 Dungeon Crawl Stone Soup version 0.29.1-2-gbd0b4ee654 (webtiles) character file.

Game seed: 9153872562350262166

117 Avanven the Cudgeller (level 4, 0/39 HPs)
             Began as a Minotaur Fighter on Nov 5, 2022.
             Succumbed to Terence's poison
             ... on level 3 of the Dungeon.
             The game lasted 00:02:45 (1843 turns).

Avanven the Cudgeller (Minotaur Fighter)            Turns: 1843, Time: 00:02:45

Health: 0/39       AC: 10    Str: 22    XL:     4   Next: 71%
Magic:  3/3        EV:  9    Int:  5    God:
Gold:   102        SH:  6    Dex: 13    Spells: 3/3 levels left

rFire   + . .      SeeInvis +   a - +0 flail
rCold   + . .      Faith    .   c - +1 buckler
rNeg    . . .      Spirit   .   b - +0 scale mail
rPois   +          Reflect  .   (helmet restricted)
rElec   +          Harm     .   (no cloak)
rCorr   +          Rampage  .   (no gloves)
Will    .....                   (no boots)
Stlth   ..........              (no amulet)
HPRegen 0.13/turn               f - ring "Des Tahe" {rPois rCorr Dex+3 SInv}
MPRegen 0.08/turn               j - +4 ring of protection

@: lethally poisoned (0 -> -4), resistant, hasted, invisible, very quick
A: horns 2, retaliatory headbutt
a: no special abilities


You were on level 3 of the Dungeon.
You visited 1 branch of the dungeon, and saw 3 of its levels.

You collected 102 gold pieces.

Inventory:

Hand Weapons
 a - a +0 flail (weapon)
Armour
 b - a +0 scale mail (worn)
 c - a +1 buckler (worn)
Jewellery
 f - the ring "Des Tahe" (left hand) {rPois rCorr Dex+3 SInv}
   (You acquired it on level 1 of the Dungeon)

   [ring of see invisible]

   Dex:       It affects your dexterity (+3).
   rPois:     It protects you from poison.
   SInv:      It lets you see invisible.
   rCorr:     It protects you from acid and corrosion.
 j - a +4 ring of protection (right hand)
Scrolls
 k - 3 scrolls of identify
 l - a scroll of fog {unknown}
 n - a scroll of amnesia {unknown}
 o - a scroll of fear {unknown}
 p - a scroll of blinking {unknown}
 r - a scroll of poison {unknown}
Potions
 d - a potion of might
 e - a potion of attraction
 g - a potion of haste
 i - a potion of resistance
 m - a potion of brilliance {unknown}
 q - a potion of degeneration {unknown}


   Skills:
 - Level 3.6 Fighting
 + Level 6.1 Maces & Flails
 - Level 3.6 Armour
 - Level 3.6 Shields


You had 3 spell levels left.
You didn't know any spells.
Your spell library contained the following spells:

 Spells                   Type           Power      Damage    Failure   Level
 Apportation              Tloc           0%         N/A       88%         1
 Necrotise                Necr           0%         1d4       88%         1
 Summon Small Mammal      Summ           0%         N/A       88%         1
 Blink                    Tloc           0%         N/A       95%         2
 Manifold Assault         Tloc           0%         N/A       100%        5
 Storm Form               Tmut/Air       0%         N/A       100%        7


Dungeon Overview and Level Annotations

Branches:
Dungeon (3/15)

Altars:


Innate Abilities, Weirdness & Mutations

You have a pair of horns on your head.
You reflexively headbutt those who attack you in melee.


Message History

Terence hits you with a +3 short sword of venom.
You are too injured to fight recklessly!
You are too injured to fight recklessly!
You are too injured to fight recklessly!
You are too injured to fight recklessly!
You are too injured to fight recklessly!
You are too injured to fight recklessly!
You are too injured to fight recklessly!
You are too injured to fight recklessly!
You are too injured to fight recklessly!
You are too injured to fight recklessly!
You are too injured to fight recklessly!
You are too injured to fight recklessly!
You are too injured to fight recklessly!
You barely miss Terence.
Terence is almost dead.
You feel sick.
Terence hits you with a +3 short sword of venom.
You are more poisoned.
You hit Terence but do no damage.
Terence is almost dead.
* * * LOW HITPOINT WARNING * * *
You feel very sick.
Terence hits you with a +3 short sword of venom.
* * * LOW HITPOINT WARNING * * *
You sock Terence!
You kill Terence!
* * * LOW HITPOINT WARNING * * *
You feel sick.
Your Maces & Flails skill increases to level 6!
It was a potion of haste.
You feel yourself speed up.
* * * LOW HITPOINT WARNING * * *
You feel sick.
It was a potion of resistance.
You feel protected.
* * * LOW HITPOINT WARNING * * *
You feel sick.
It was a potion of invisibility.
You fade into invisibility!
You die...

#.#####.#...#....
#.......#...#....
#.#####.#...#####
#...# #####.#
#.[..[# #.#####
#.#####.#
#.@)....#
#####.###


There were no monsters in sight!

Vanquished Creatures
  Terence (D:3)
  Robin (D:2)
  2 adders (D:2)
  A worm (D:2)
  A dart slug (D:2)
  7 endoplasms
  2 giant cockroaches
  8 goblins
  5 hobgoblins
  6 ball pythons
  7 bats
  4 frilled lizards
  5 kobolds
  10 rats
60 creatures vanquished.

Notes
Turn   | Place    | Note
-------+----------+-------------------------------------------
     0 | D:1      | Avanven the Minotaur Fighter began the quest for the Orb.
     0 | D:1      | Reached XP level 1. HP: 19/19 MP: 0/0
    48 | D:1      | Reached skill level 3 in Maces & Flails
   150 | D:1      | Reached XP level 2. HP: 25/26 MP: 1/1
   749 | D:1      | Identified a scroll of acquirement
   749 | D:1      | Acquired the ring "Des Tahe" {rPois rCorr Dex+3 SInv}
   775 | D:2      | Reached skill level 4 in Maces & Flails
   990 | D:2      | Reached XP level 3. HP: 31/31 MP: 2/2
  1033 | D:2      | Found a faded altar of an unknown god.
  1356 | D:2      | Reached skill level 5 in Maces & Flails
  1404 | D:2      | Reached XP level 4. HP: 32/39 MP: 3/3
  1406 | D:2      | Noticed Robin
  1412 | D:2      | Killed Robin
  1829 | D:3      | Noticed Terence
  1840 | D:3      | Killed Terence
  1841 | D:3      | Reached skill level 6 in Maces & Flails
  1842 | D:3      | HP: 1/39 [poisoned by Terence]
  1843 | D:3      | Succumbed to Terence's poison

Illustrated notes

Levels and vault maps discovered:
D:1:      wander_arrival_fairy_ring, layout_basic, minmay_misc_feat_x
D:2:      layout_loops_ring, ebering_ecumenical_altar_box, uniq_robin
D:3:      layout_basic, minmay_misc_feat_ornament, grunt_ministairs_7,
          uniq_terence

Skill      XL: |  1  2  3  4 |
---------------+-------------+-----
Maces & Flails | 3 4 5 6 |  6.1
Fighting       | |  3.6
Armour         | |  3.6
Shields        | |  3.6

Action                   |  1- 3 |  4- 6 || total
-------------------------+-------+-------++-------
Melee: Flail             |    94 |    24 ||   118
       Headbutt          |     9 |     3 ||    12
  Use: Scroll            |     3 |       ||     3
       Potion            |       |     3 ||     3
Armor: Scale mail        |    58 |     5 ||    63
Dodge: Dodged            |    51 |     7 ||    58
Block: Buckler           |    25 |     5 ||    30
